 Dungeon Crawl Stone Soup version 0.24-a0-520-g8fd06ad0bc (webtiles) character file.

Game seed: 16873062978429260264

137 vurker the Bolt Thrower (level 5, -8/32 HPs)
             Began as a Kobold Hunter on July 27, 2019.
             Killed by divine providence
             ... invoked by an orc priest
              (10 damage)
             ... on level 2 of the Dungeon.
             The game lasted 00:03:36 (2904 turns).

vurker the Bolt Thrower (Kobold Hunter)             Turns: 2904, Time: 00:03:37

Health: -8/32      AC:  5    Str: 11    XL:     5   Next: 44%
Magic:  5/5        EV: 13    Int: 12    God:
Gold:   65         SH:  0    Dex: 15    Spells: 4/4 levels left

rFire    . . .     SeeInvis .   b - +0 short sword
rCold    . . .     Gourm    .   (shield restricted)
rNeg     . . .     Faith    .   i - +0 ring mail
rPois    .         Spirit   .   (no helmet)
rElec    .         Reflect  .   (no cloak)
rCorr    .         Harm     .   (no gloves)
MR       .....                  (no boots)
Stlth    +.........             (no amulet)
HPRegen  0.10/turn              (no ring)
MPRegen  0.09/turn              (no ring)

@: flying
A: small, carnivore
a: no special abilities


You were on level 2 of the Dungeon.
You were very full.

You visited 1 branch of the dungeon, and saw 2 of its levels.

You collected 65 gold pieces.

Inventory:

Hand Weapons
 a - a +1 hand crossbow
 b - a +0 short sword (weapon)
Missiles
 d - 48 bolts
Armour
 i - a +0 ring mail (worn)
   (You found it on level 1 of the Dungeon)
Jewellery
 c - a +2 ring of intelligence {unknown}
   (You found it on level 2 of the Dungeon)
Scrolls
 f - a scroll of fog {unknown}
 g - a scroll of enchant weapon {unknown}
 h - 4 scrolls of identify {unknown}
Comestibles
 e - 3 rations


   Skills:
 + Level 3.1 Fighting
 * Level 3.8 Short Blades
 * Level 6.1 Crossbows
 - Level 2.4 Dodging
 - Level 1.3 Stealth


You had 4 spell levels left.
You didn't know any spells.
Your spell library was empty.

Dungeon Overview and Level Annotations

Branches:
Dungeon (2/15)

Altars:


Innate Abilities, Weirdness & Mutations

You are small and have problems with some larger weapons.
You are carnivorous and can eat meat at any time.


Message History

You hit the leopard gecko.
You kill the leopard gecko!
You hit the orc. You hit the orc.
You kill the orc!
You hit the orc. You barely miss the orc. The orc hits you but does no damage.
You closely miss the orc.
The orc priest hits you with a +0 dagger.
The orc barely misses you.
You hit the orc.
The orc priest hits you with a +0 dagger.
You hit the orc.
You kill the orc!
The orc priest barely misses you.
You hit the orc priest but do no damage.
The orc priest hits you with a +0 dagger.
* * * LOW HITPOINT WARNING * * *
You hit the orc priest but do no damage.
The orc priest mumbles some strange prayers to Beogh against you.
Beogh smites you!
* * * LOW HITPOINT WARNING * * *
It was a potion of flight.
You feel very buoyant.
You fly up into the air.
The orc priest looks encouraged for a moment.
You barely miss the orc priest. The orc priest barely misses you.
You hit the orc priest.
The orc priest hits you but does no damage.
You hit the orc priest.
The orc priest hits you but does no damage.
You hit the orc priest but do no damage.
The orc priest completely misses you.
You hit the orc priest but do no damage.
You closely miss the orc priest.
The orc priest hits you but does no damage.
You hit the orc priest but do no damage.
The orc priest misses you.
You closely miss the orc priest.
The orc priest calls down the wrath of Beogh upon you.
Pain shoots through your body!
* * * LOW HITPOINT WARNING * * *
You hit the orc priest. The orc priest barely misses you.
You hit the orc priest but do no damage.
The orc priest hits you but does no damage.
You barely miss the orc priest. The orc priest barely misses you.
You hit the orc priest but do no damage.
The orc priest mumbles some strange prayers to Beogh against you.
Beogh smites you!
You die...

#.# #.......## #
#.# #####.....##
... ..# ##...##
#.# #.# ##'## #o#
#.# #.# #o# #.#
#.### #.# #.#
##...##
#.###.####.###.##
#.#.#@......##
##.##
#...o)..##.##
##.###
###.#.####.#
#.... #........##
##.###
###.###...##
##.##
#.######.###.##
#...........##
#############


You could see an orc priest.

Vanquished Creatures
  A hound (D:2)
  4 adders
  An ooze (D:2)
  A dart slug (D:1)
  4 leopard geckos
  2 orcs (D:2)
  3 bats
  3 giant cockroaches
  16 goblins
  3 hobgoblins (D:1)
  2 jackals (D:1)
  A quokka (D:2)
  A ball python (D:2)
  A frilled lizard (D:2)
  8 kobolds
  5 rats
56 creatures vanquished.

Notes
Turn   | Place    | Note
-------+----------+-------------------------------------------
     0 | D:1      | vurker the Kobold Hunter began the quest for the Orb.
     0 | D:1      | Reached XP level 1. HP: 12/12 MP: 1/1
   331 | D:1      | Reached skill level 1 in Short Blades
   331 | D:1      | Reached skill level 5 in Crossbows
   331 | D:1      | Reached XP level 2. HP: 18/18 MP: 2/2
   633 | D:1      | Reached XP level 3. HP: 2/22 MP: 3/3
  1449 | D:2      | Reached XP level 4. HP: 21/27 MP: 4/4
  1937 | D:2      | Reached XP level 5. HP: 28/32 MP: 5/5
  2022 | D:2      | Reached skill level 6 in Crossbows
  2904 | D:2      | Killed from afar by an orc priest

Levels and vault maps discovered:
D:1:      lightli_arrival_statue_moat, layout_basic, serial_bayou,
          serial_bayou_lake_a, serial_bayou_pond_e, serial_bayou_crossing,
          serial_bayou_ford_a
D:2:      layout_loops_corners

Skill      XL: |  1  2  3  4  5 |
---------------+----------------+-----
Short Blades   | 1 2 3 |  3.8
Crossbows      | 5 6 |  6.1
Fighting       | 3 |  3.1
Dodging        | |  2.4
Stealth        | |  1.3

Action                   |  1- 3 |  4- 6 || total
-------------------------+-------+-------++-------
Melee: Short sword       |   138 |   172 ||   310
  Use: Potion            |       |     1 ||     1
 Stab: Sleeping          |     2 |     1 ||     3
  Eat: Chunk             |    10 |     4 ||    14
Armor: Leather armour    |    21 |       ||    21
       Ring mail         |     9 |    33 ||    42
Dodge: Dodged            |    92 |   110 ||   202

Table legend:
 A = Non-vault XP
 B = Vault XP
 C = Vault XP percentage of total XP
 D = Non-vault monster count
 E = Vault monster count
 F = Vault count percentage of total count
                 A         B        C        D         E       F
            +---------+---------+-------+---------+---------+-------
      Total |     197 |       0 |   0.0 |      56 |       0 |   0.0
            +---------+---------+-------+---------+---------+-------
        D:1 |      78 |       0 |   0.0 |      30 |       0 |   0.0
        D:2 |     119 |       0 |   0.0 |      26 |       0 |   0.0
            +---------+---------+-------+---------+---------+-------
